 Dungeon Sprint DCSS version 0.28-a0-664-gc179e30c89 (webtiles) character file.

Game seed: 5802109381595984414

1673 iamoutofideas the Eclecticist (level 8, -5/43 HPs)
             Began as a Deep Elf Fire Elementalist on Oct 15, 2021.
             Was a Believer of Vehumet.
             Slain by a two-headed ogre (23 damage)
             ... in the Dungeon (Sprint III: "The Ten Rune Challenge").
             The game lasted 00:05:57 (1615 turns).

iamoutofideas the Eclecticist (DEFE)                Turns: 1615, Time: 00:05:58

Health: -5/43      AC:  2    Str:  5    XL:     8   Next: 70%
Magic:  26/31      EV: 14    Int: 23    God:    Vehumet [**....]
Gold:   31         SH:  0    Dex: 17    Spells: 27/41 levels left

rFire   . . .      SeeInvis .   (no weapon)
rCold   . . .      Faith    .   (no shield)
rNeg    . . .      Spirit   .   a - +0 robe
rPois   .          Reflect  .   (no helmet)
rElec   .          Harm     .   (no cloak)
rCorr   .          Rampage  .   (no gloves)
Will    .....      NoTele   +   (no boots)
Stlth   ++........              (no amulet)
HPRegen 0.14/turn               (no ring)
MPRegen 0.22/turn               (no ring)

@: no status effects
A: agile 1
a: Renounce Religion


You were in the Dungeon.
You worshipped Vehumet.
Vehumet was pleased with you.
You visited 1 branch You collected 31 gold pieces.

Inventory:

Hand Weapons
 h - a +0 dagger
Armour
 a - a +0 robe (worn)
Scrolls
 g - a scroll of blinking
 j - a scroll of holy word {unknown}
 k - a scroll of fear {unknown}
 m - a scroll of immolation {unknown}
 n - a scroll of identify {unknown}
Potions
 b - a potion of curing
 c - 2 potions of heal wounds
 d - a potion of haste
 e - 2 potions of magic
 f - a potion of berserk rage
 l - 3 potions of flight
Miscellaneous
 i - a condenser vane


   Skills:
 + Level 1.2 Fighting
 + Level 5.3 Dodging
 - Level 2.4 Stealth
 + Level 17.0 Spellcasting
 + Level 6.6 Conjurations
 - Level 4.0 Translocations
 + Level 13.2 Fire Magic


You had 27 spell levels left.
You knew the following spells:

 Your Spells              Type           Power      Damage    Failure   Level
a - Foxfire               Conj/Fire      100%       2x1d9     1%          1
b - Scorch                Fire           100%       2d10      1%          2
c - Conjure Flame         Conj/Fire      60%        6-21      1%          3
d - Flame Wave            Conj/Fire      60%        3d11      1%          4
e - Passage of Golubria   Tloc           N/A        N/A       5%          4

Your spell library contained the following spells:

 Spells                   Type           Power      Damage    Failure   Level
 Static Discharge         Conj/Air       34%        N/A       1%          2
 Inner Flame              Hex/Fire       50%        N/A       1%          3
 Silence                  Hex/Air        9%         N/A       58%         5
 Lehudib's Crystal Spear  Conj/Erth      17%        10d5      100%        8


Dungeon Overview and Level Annotations

Branches:
Dungeon (1/1)

Altars:
Cheibriados
Dithmenos
Elyvilon
Fedhas
Gozag
Hepliaklqana
Kikubaaqudgha
Makhleb
Nemelex Xobeh
Okawaru
Qazlal
Ru
Sif Muna
Trog
Uskayaw
Vehumet
Wu Jian
Xom
Yredelemnul
Zin
The Shining One
Beogh
Jiyva
Lugonu

Annotations:
D Erolcha


Innate Abilities, Weirdness & Mutations

You are agile. (Dex +2)


Message History

A wave of flame ripples out!
The flame wave engulfs the two-headed ogre!!
The two-headed ogre is burned terribly!
You kill the two-headed ogre!
Vehumet accepts your kill.
You feel your power returning. (Press . to intensify the flame waves.)
Your Spellcasting skill increases to level 17!
Your Fire Magic skill increases to level 13!
You start resting.
Magic restored.
You start resting.
HP restored.
Things that are here:
a +0 giant club; a +0 giant club; a two-headed ogre corpse
Things that are here:
a +0 giant spiked club; a +0 giant spiked club; a two-headed ogre corpse
Okay, then.
A two-headed ogre and Erolcha come into view.
Casting: Flame Wave (dangerous; 1% risk of failure)
Confirm with . or Enter, or press ? or * to list all spells.
Okay, then.
Okay, then.
Casting: Flame Wave (dangerous; 1% risk of failure)
Confirm with . or Enter, or press ? or * to list all spells.
Casting: Flame Wave (dangerous; 1% risk of failure)
Press: ? - help, Dir - look around, f - activate A wave of flame ripples out! (Press . to intensify the flame waves.)
The two-headed ogre shouts in stereo!
Erolcha shouts!
A wave of flame ripples out!
The flame wave engulfs the two-headed ogre!
The two-headed ogre is lightly wounded.
The flame wave engulfs Erolcha!!
Erolcha is moderately wounded.
The two-headed ogre hits you with a +0 giant spiked club!!
Ouch! That really hurt!
The two-headed ogre hits you with a +0 giant club!!
Ouch! That really hurt!
You die...

__# )_# '## ..#
..# #'#
..#+##############
..#....#.#.#.....#
.†##.#..#.##.###@#
.)'##.#)#.##.#.O##
.)#...#.)#..##.O
▓▓▓▓▓▓▓▓▓▓▓▓▓▓▓▓


You could see a two-headed ogre and Erolcha.

Vanquished Creatures
  A deep elf pyromancer (D)
  A shadow (D)
  A necrophage (D)
  4 two-headed ogres (D)
  A scorpion (D)
  A water elemental (D)
  A jelly (D)
  Jessica (D)
  A wizard (D)
  A necromancer (D)
  3 humans (D)
  A kobold demonologist (D)
  An endoplasm (D)
  2 rats (D)
20 creatures vanquished.

Vanquished Creatures (others)
  33 foxfires (D)
  A plant (D)
34 creatures vanquished.

Grand Total: 54 creatures vanquished

Notes
Turn   | Place    | Note
-------+----------+-------------------------------------------
     0 | D        | iamoutofideas the Deep Elf Fire Elementalist began the
                  | quest for the Orb.
     0 | D        | Reached XP level 1. HP: 10/10 MP: 6/6
   204 | D        | Noticed Jessica
   212 | D        | Killed Jessica
   213 | D        | Reached skill level 5 in Spellcasting
   213 | D        | Reached skill level 5 in Fire Magic
   213 | D        | Reached XP level 2. HP: 9/15 MP: 4/10
   213 | D        | Reached XP level 3. HP: 12/19 MP: 4/12
   335 | D        | Learned a level 2 spell: Scorch
   339 | D        | Learned a level 3 spell: Conjure Flame
   371 | D        | Reached skill level 6 in Spellcasting
   418 | D        | Noticed a scorpion
   423 | D        | Killed a scorpion
   424 | D        | Reached skill level 8 in Spellcasting
   424 | D        | Reached XP level 4. HP: 24/24 MP: 8/16
   440 | D        | Gained mutation: You are dopey. (Int -2) [potion of
                  | mutation]
   440 | D        | Gained mutation: A frigid envelope surrounds you and
                  | freezes all who hurt you. [potion of mutation]
   441 | D        | Lost mutation: You are dopey. (Int -2) [potion of mutation]
   441 | D        | Lost mutation: A frigid envelope surrounds you and freezes
                  | all who hurt you. [potion of mutation]
   441 | D        | Gained mutation: You are frail. (-10% HP) [potion of
                  | mutation]
   442 | D        | Lost mutation: You are frail. (-10% HP) [potion of
                  | mutation]
   442 | D        | Gained mutation: Your body sometimes deteriorates upon
                  | taking damage. [potion of mutation]
   442 | D        | Gained mutation: Your flesh is heat resistant. (rF+)
                  | [potion of mutation]
   443 | D        | Lost mutation: Your body sometimes deteriorates upon taking
                  | damage. [potion of mutation]
   443 | D        | Lost mutation: Your flesh is heat resistant. (rF+) [potion
                  | of mutation]
   443 | D        | Gained mutation: You are agile. (Dex +2) [potion of
                  | mutation]
   480 | D        | Learned a level 4 spell: Flame Wave
   480 | D        | Noticed a water elemental
   484 | D        | Killed a water elemental
   485 | D        | Reached skill level 9 in Spellcasting
   485 | D        | Reached XP level 5. HP: 28/28 MP: 11/18
   532 | D        | Found a basalt altar of Yredelemnul.
   532 | D        | Found a shadowy altar of Dithmenos.
   532 | D        | Found a sacrificial altar of Ru.
   532 | D        | Noticed a necrophage
   538 | D        | Killed a necrophage
   539 | D        | Reached skill level 11 in Spellcasting
   539 | D        | Reached XP level 6. HP: 25/32 MP: 11/22
   618 | D        | Found a radiant altar of Vehumet.
   618 | D        | Found a shimmering blue altar of Sif Muna.
   618 | D        | Found an ancient bone altar of Kikubaaqudgha.
   622 | D        | Noticed an ice devil
   624 | D        | Reached skill level 10 in Fire Magic
   628 | D        | Became a worshipper of Vehumet
   680 | D        | Learned a level 4 spell: Passage of Golubria
  1027 | D        | Found a hide-covered altar of Uskayaw.
  1027 | D        | Found an iron altar of Okawaru.
  1027 | D        | Found a bloodstained altar of Trog.
  1027 | D        | Found an ornate altar of the Wu Jian Council.
  1027 | D        | Noticed a human
  1027 | D        | Noticed a human
  1031 | D        | Killed a human
  1032 | D        | Reached skill level 12 in Spellcasting
  1034 | D        | Killed a human
  1035 | D        | Reached skill level 13 in Spellcasting
  1035 | D        | Reached XP level 7. HP: 16/37 MP: 11/26
  1204 | D        | Found a glowing silver altar of Zin.
  1204 | D        | Found a glowing golden altar of the Shining One.
  1204 | D        | Found a white marble altar of Elyvilon.
  1204 | D        | Noticed a deep elf pyromancer
  1209 | D        | Killed a deep elf pyromancer
  1209 | D        | Reached * piety under Vehumet
  1209 | D        | Offered knowledge of Shock by Vehumet.
  1210 | D        | Reached skill level 5 in Dodging
  1210 | D        | Reached skill level 15 in Spellcasting
  1210 | D        | Reached skill level 5 in Conjurations
  1210 | D        | Reached XP level 8. HP: 42/42 MP: 17/29
  1274 | D        | Reached skill level 1 in Fighting
  1318 | D        | Found a blossoming altar of Fedhas.
  1318 | D        | Found a stormy altar of Qazlal.
  1319 | D        | Found a snail-covered altar of Cheibriados.
  1319 | D        | Found a burning altar of Makhleb.
  1319 | D        | Found a hazy altar of Hepliaklqana.
  1319 | D        | Found a shimmering altar of Xom.
  1319 | D        | Found an opulent altar of Gozag.
  1319 | D        | Found a sparkling altar of Nemelex Xobeh.
  1319 | D        | Found a corrupted altar of Lugonu.
  1319 | D        | Found a viscous altar of Jiyva.
  1341 | D        | Reached ** piety under Vehumet
  1341 | D        | Offered knowledge of Static Discharge by Vehumet.
  1342 | D        | Reached skill level 16 in Spellcasting
  1483 | D        | Noticed a two-headed ogre
  1494 | D        | Killed a two-headed ogre
  1495 | D        | Reached skill level 17 in Spellcasting
  1613 | D        | Noticed a two-headed ogre
  1613 | D        | Noticed Erolcha
  1615 | D        | Slain by a two-headed ogre

Illustrated notes

Levels and vault maps discovered:
D:        dungeon_sprint_mu [sprint_mu_entry_forest, sprint_mu_temple_rooms,
          sprint_mu_d1_spiders, sprint_mu_d2_genie, sprint_mu_d3_branching,
          sprint_mu_orc_legion, sprint_mu_elf_gauntlet, sprint_mu_hive_nellie,
          sprint_mu_lair_fedhas, sprint_mu_vaults_butterflies,
          sprint_mu_slime_circle, sprint_mu_swamp_cave, sprint_mu_shoals_kraken,
          sprint_mu_blade_basic, sprint_mu_crypt_lich, sprint_mu_tomb_spiral,
          sprint_mu_vestibule_basic, sprint_mu_gehenna_hellfire,
          sprint_mu_dis_giant, sprint_mu_tartarus_statrot,
          sprint_mu_cocytus_islands, sprint_mu_zot1]

Skill      XL: |  1  2  3  4  5  6  7  8 |
---------------+-------------------------+-----
Dodging        | 3 4 5 |  5.3
Spellcasting   | 5 8 9 11 13 15 17 | 17.0
Fire Magic     | 5 7 8 9 11 12 13 | 13.2
Conjurations   | 2 3 4 5 6 |  6.6
Translocations | 3 4 |  4.0
Fighting       | 1 |  1.2
Stealth        | |  2.4

Action                   |  1- 3 |  4- 6 |  7- 9 || total
-------------------------+-------+-------+-------++-------
 Cast: Foxfire           |    16 |     6 |     2 ||    24
       Scorch            |     2 |     7 |     5 ||    14
       Flame Wave        |       |     3 |     8 ||    11
       Conjure Flame     |       |       |     1 ||     1
  Use: Potion            |       |     4 |       ||     4
Armor: Robe              |     4 |       |     1 ||     5
Dodge: Dodged            |     2 |    11 |    12 ||    25

Table legend: (Time is in decaauts)
 A = Elapsed time spent in this place.
 B = Non-inter-level travel time spent in this place.
 C = Inter-level travel time spent in this place.
 D = Time resting spent in this place.
 E = Time spent auto-exploring this place.
 F = Levels seen in this place.
 G = Mean time per level.
                   A        B        C        D        E       F      G
               +--------+--------+--------+--------+--------+-----+--------+
         Total |   1617 |   1617 |      0 |   1316 |      0 |   1 | 1617.0 |
       Dungeon |   1617 |   1617 |      0 |   1316 |      0 |   1 | 1617.0 |
               +--------+--------+--------+--------+--------+-----+--------+

Top non-repeatable levels by time:
       D: 1617 daAuts
